 Dungeon Crawl Stone Soup version 0.28.0-43-g3370ac3207 (webtiles) character file.

Game seed: 10906711719277744601

19198 nickcage the Gelid (level 12, -1/74 HPs)
             Began as a Merfolk Ice Elementalist on Mar 8, 2022.
             Was an Elder of Sif Muna.
             Slain by a komodo dragon (25 damage)
             ... on level 2 of the Lair of Beasts.
             The game lasted 01:42:34 (17976 turns).

nickcage the Gelid (Merfolk Ice Elementalist)      Turns: 17976, Time: 01:42:34

Health: -1/74      AC:  9    Str: 14    XL:     12   Next: 66%
Magic:  21/27      EV: 12    Int: 33    God:    Sif Muna [****..]
Gold:   1006       SH:  0    Dex: 11    Spells: 8/34 levels left

rFire   + . .      SeeInvis .   y - +10 dagger "Jushygun" {holy, Fly Str+6 Int+8 Dex-4}
rCold   . . .      Faith    .   (no shield)
rNeg    . . .      Spirit   .   g - +0 steam dragon scales
rPois   .          Reflect  .   (no helmet)
rElec   .          Harm     .   G - +0 cloak
rCorr   .          Rampage  .   (no gloves)
Will    .....                   A - +2 pair of boots
Stlth   ++........              C - amulet of magic regeneration
HPRegen 0.22/turn               i - +6 ring of intelligence
MPRegen 0.60/turn               K - ring of protection from fire

@: freezing walls, flying
A: (nimble swimmer 2), mertail
a: Renounce Religion, Channel Magic, Forget Spell, Divine Exegesis


You were on level 2 of the Lair of Beasts.
You worshipped Sif Muna.
Sif Muna was greatly pleased with you.
You visited 3 branches of the dungeon, and saw 15 of its levels.

You collected 1006 gold pieces.

Inventory:

Hand Weapons
 b - a +0 dagger of venom
 y - the +10 dagger "Jushygun" (weapon) {holy, Fly Str+6 Int+8 Dex-4}
   (You found it on level 5 of the Dungeon)

   It has been blessed by the Shining One to cause great damage to the undead
   and demons.
   Str:       It affects your strength (+6).
   Int:       It affects your intelligence (+8).
   Dex:       It affects your dexterity (-4).
   Fly:       It grants you flight.
Missiles
 h - 3 silver javelins
 j - 2 throwing nets
 w - a poisoned dart
Armour
 a - a +1 robe
 c - an orb of wrath
 g - +0 steam dragon scales (worn)
 A - a +2 pair of boots (worn)
 E - a +1 robe of cold resistance
 G - a +0 cloak (worn)
Magical Staves
 k - a staff of cold
Jewellery
 i - a +6 ring of intelligence (left hand)
 t - an amulet of regeneration
 z - a ring of flight
 C - an amulet of magic regeneration (around neck)
 K - a ring of protection from fire (right hand)
 M - a ring of protection from fire
 N - a +6 ring of strength
 R - a ring of see invisible
Wands
 l - a wand of flame (33)
 D - a wand of digging (1)
 L - a wand of polymorph (5)
Scrolls
 e - 2 scrolls of immolation
 m - 3 scrolls of torment
 x - a scroll of vulnerability {unknown}
 B - 3 scrolls of amnesia
 F - 2 scrolls of enchant weapon {unknown}
 H - a scroll of acquirement {unknown}
 I - 2 scrolls of brand weapon
 J - a scroll of enchant armour
 P - a scroll of summoning {unknown}
 Q - a scroll of identify
Potions
 d - a potion of berserk rage
 f - 11 potions of degeneration
 n - 3 potions of brilliance
 o - 2 potions of might
 p - 2 potions of mutation
 q - 3 potions of attraction
 s - 2 potions of curing
 u - 7 potions of heal wounds
 O - a potion of flight {unknown}
 S - a potion of lignification {unknown}


   Skills:
 * Level 2.5 Short Blades
 - Level 0.1 Axes
 - Level 0.1 Maces & Flails
 - Level 0.2(0.3) Polearms
 - Level 0.7 Bows
 - Level 0.1 Crossbows
 - Level 0.4 Throwing
 - Level 2.6 Dodging
 - Level 2.1 Stealth
 - Level 11.5 Spellcasting
 - Level 0.2 Conjurations
 - Level 0.1 Necromancy
 - Level 4.0 Transmutations
 + Level 16.7 Ice Magic
 - Level 3.0 Earth Magic
 * Level 2.6 Invocations


You had 8 spell levels left.
You knew the following spells:

 Your Spells              Type           Power      Damage    Failure   Level
a - Freeze                Ice            100%       1d11      0%          1
b - Frozen Ramparts       Ice            100%       1d12      0%          3
c - Ozocubu's Armour      Ice            92%        N/A       0%          3
d - Hailstorm             Conj/Ice       66%        3d14      1%          4
e - Stone Arrow           Conj/Erth      58%        3d10      3%          3
f - Freezing Cloud        Conj/Ice/Air   27%        6-21      7%          5
g - Spider Form           Tmut/Pois      32%        N/A       3%          3
h - Fulminant Prism       Conj/Hex       10%        3d9       22%         4

Your spell library contained the following spells:

 Spells                   Type           Power      Damage    Failure   Level
 Beastly Appendage        Tmut           92%        N/A       1%          1
 Wereblood                Tmut           46%        N/A       1%          2
 Foxfire                  Conj/Fire      76%        2x1d7     2%          1
 Ignite Poison            Fire/Tmut/Pois 28%        N/A       4%          3
 Call Canine Familiar     Summ           19%        N/A       7%          3
 Conjure Flame            Conj/Fire      19%        6-21      7%          3
 Gell's Gravitas          Tloc           19%        N/A       7%          3
 Inner Flame              Hex/Fire       19%        N/A       7%          3
 Lesser Beckoning         Tloc           19%        N/A       7%          3
 Mephitic Cloud           Conj/Pois/Air  19%        N/A       7%          3
 Portal Projectile        Hex/Tloc       38%        N/A       7%          3
 Teleport Other           Tloc           19%        N/A       7%          3
 Animate Armour           Summ/Erth      58%        N/A       13%         4
 Leda's Liquefaction      Hex/Erth       14%        N/A       13%         4
 Lee's Rapid Deconstruct  Erth           19%        3d12*     19%         5
 Flame Wave               Conj/Fire      19%        2d6       22%         4
 Iskenderun's Mystic Bla  Conj/Tloc      19%        2d6       22%         4
 Alistair's Intoxication  Tmut/Pois      21%        N/A       28%         5
 Borgnjor's Vile Clutch   Necr/Erth      14%        N/A       34%         5
 Eringya's Noxious Bog    Tmut/Pois      16%        N/A       85%         6
 Lehudib's Crystal Spear  Conj/Erth      14%        10d5      100%        8


Dungeon Overview and Level Annotations

Branches:
Dungeon (12/15)            Temple (1/1) D:4            Lair (2/6) D:11
  Swamp (0/4) Lair:2          Orc (0/2) D:9
  Snake: Lair:2-4    Spider: Lair:2-4

Altars:
Ashenzari
Cheibriados
Dithmenos
Elyvilon
Fedhas
Gozag
Hepliaklqana
Kikubaaqudgha
Makhleb
Nemelex Xobeh
Okawaru
Qazlal
Ru
Sif Muna
Trog
Uskayaw
Vehumet
Wu Jian
Xom
Yredelemnul
Zin
The Shining One

Shops:
D:3 (

Annotations:
D:10 1 runed translucent door
D:11 1 exclusion


Innate Abilities, Weirdness & Mutations

((You are very nimble when in or above water. (Stealth+, EV+, Speed+++)))
Your lower body shifts to a powerful aquatic tail in water.


Message History

The catoblepas gores you!
As you read the scroll of teleportation, it crumbles to dust.
You feel strangely unstable.
The wall freezes the catoblepas!
The catoblepas gores you but does no damage.
You are too injured to fight recklessly!
Aiming: Stone Arrow (dangerous; 3% risk of failure)
Press: ? - help, Q - select action, (/) - cycle Shift-Dir - straight line, f - catoblepas
Aim: a catoblepas (moderately wounded, 100% to hit)
The stone arrow hits the catoblepas!
The catoblepas is heavily wounded.
The wall freezes the catoblepas.
The catoblepas closely misses you.
Aiming: Stone Arrow (dangerous; 3% risk of failure)
Press: ? - help, Q - select action, (/) - cycle Shift-Dir - straight line, f/p - catoblepas
Aim: a catoblepas (heavily wounded, 100% to hit)
The stone arrow hits the catoblepas!
The catoblepas is severely wounded.
The wall freezes the catoblepas!
The catoblepas breathes a plume of calcifying dust at you.
The blast of calcifying dust hits you but does no damage.
Your icy armour and frozen ramparts will break if you move.
Continue?
Your icy armour cracks and falls away as you move.
The frozen ramparts melt away as you move.
Your surroundings suddenly seem different.
As you read the scroll of teleportation, it crumbles to dust.
You feel strangely unstable.
The catoblepas bellows!
The catoblepas breathes a plume of calcifying dust at you.
The blast of calcifying dust hits you!
* * * LOW HITPOINT WARNING * * *
Found a short sword.
Your surroundings suddenly seem different.
A komodo dragon comes into view.
The komodo dragon hisses angrily.
Casting: Stone Arrow (dangerous; 3% risk of failure)
Confirm with . or Enter, or press ? or * to list all spells.
Casting: Frozen Ramparts (safe; 0% risk of failure)
Press: ? - help, Dir - look around, f - activate The walls around you are covered in ice.
The wall freezes the komodo dragon.
The komodo dragon bites you!!
You die...

##......## ###
#.......####.# *## **
###......##.####P#####*.
##........##....#..##.
##.......P#.......P..
##..................
#P..#P..............
#...###.............
###@#...............
#..l...........#...
##P................
###...............
#P........[.(...
#..........#...#
#..........#####
##.....#...###*#
#.#........P##.


You could see a komodo dragon.

Vanquished Creatures
  Harold (D:11)
  2 two-headed ogres
  An ugly thing (D:11)
  An oklob plant (Lair:1)
  2 cyclopes
  Joseph (Lair:1)
  A black mamba (Lair:2)
  An unseen horror (D:11)
  3 cane toads
  A gargoyle (D:11)
  Psyche (D:8)
  3 komodo dragons (Lair:1)
  3 trolls (D:11)
  Prince Ribbit (D:9)
  3 hornets
  A meliai zombie (D:11)
  6 wyverns
  11 yaks
  4 fire bats (D:10)
  3 basilisks
  9 wraiths
  2 steam dragons
  An acid dragon (D:10)
  8 water moccasins
  2 ice beasts
  A sky beast (D:6)
  A swamp drake (D:9)
  A black bear (Lair:1)
  5 orc warriors
  2 ogres
  5 centaurs
  A necrophage (D:7)
  5 wolves (Lair:2)
  A phantom (D:5)
  A kobold brigand (D:8)
  8 bullfrogs
  A scorpion (D:5)
  2 gnoll sergeants (D:6)
  5 killer bees (D:9)
  4 wights (D:8)
  9 howler monkeys
  3 centaur zombies
  A bullfrog zombie (D:6)
  3 hounds
  9 orc priests
  A gnoll shaman (D:7)
  16 orc wizards
  4 iguanas
  A killer bee zombie (D:6)
  A howler monkey zombie (D:9)
  10 gnolls
  3 howler monkey skeletons
  6 adders
  A shadow imp (D:6)
  A white imp (D:7)
  An ufetubus (D:6)
  An adder skeleton (D:5)
  3 worms
  4 dart slugs
  35 orcs
  12 bats
  5 endoplasms
  4 giant cockroaches
  11 goblins
  9 hobgoblins
  2 quokkas
  6 ball pythons
  5 frilled lizards
  13 kobolds
  6 rats
301 creatures vanquished.

Vanquished Creatures (others)
  6 fungi
  8 plants
  A withered plant (D:2)
15 creatures vanquished.

Grand Total: 316 creatures vanquished

Notes
Turn   | Place    | Note
-------+----------+-------------------------------------------
     0 | D:1      | nickcage the Merfolk Ice Elementalist began the quest for
                  | the Orb.
     0 | D:1      | Reached XP level 1. HP: 13/13 MP: 3/3
   119 | D:1      | Reached XP level 2. HP: 18/19 MP: 3/5
   346 | D:1      | Reached skill level 5 in Ice Magic
  1100 | D:2      | Reached XP level 3. HP: 17/24 MP: 6/6
  1476 | D:2      | Learned a level 3 spell: Frozen Ramparts
  1801 | D:2      | Found a faded altar of an unknown god.
  2043 | D:3      | Reached XP level 4. HP: 30/30 MP: 3/7
  2198 | D:3      | Found Pugeodif's Weapon Shop.
  2360 | D:3      | Noticed a phantom
  2716 | D:3      | Reached skill level 6 in Ice Magic
  2716 | D:3      | Reached XP level 5. HP: 24/35 MP: 1/9
  2819 | D:3      | Learned a level 3 spell: Ozocubu's Armour
  3602 | D:4      | Noticed an ogre
  3608 | D:4      | Killed an ogre
  3609 | D:4      | Reached XP level 6. HP: 33/41 MP: 1/11
  3700 | D:4      | Found a staircase to the Ecumenical Temple.
  3709 | Temple   | Entered the Ecumenical Temple
  3760 | Temple   | Became a worshipper of Sif Muna the Loreminder
  4254 | D:4      | Noticed a wyvern
  4258 | D:4      | Reached skill level 7 in Ice Magic
  4305 | D:4      | Killed a wyvern
  4306 | D:4      | Reached XP level 7. HP: 22/46 MP: 4/14
  4524 | D:5      | Entered Level 5 of the Dungeon
  4611 | D:5      | Reached skill level 5 in Spellcasting
  4632 | D:4      | Reached skill level 8 in Ice Magic
  4846 | D:4      | Learned a level 4 spell: Hailstorm
  5085 | D:5      | Learned a level 3 spell: Stone Arrow
  5186 | D:5      | Reached skill level 1 in Earth Magic
  5188 | D:5      | Reached XP level 8. HP: 52/52 MP: 8/15
  5634 | D:5      | Reached * piety under Sif Muna
  5636 | D:5      | Identified the +10 dagger "Jushygun" {holy, Fly Str+6 Int+8
                  | Dex-4}
  6028 | D:6      | Reached skill level 9 in Ice Magic
  6357 | D:6      | Reached skill level 10 in Ice Magic
  6644 | D:6      | Reached XP level 9. HP: 57/57 MP: 9/16
  6737 | D:6      | Found a sacrificial altar of Ru.
  7237 | D:6      | Reached skill level 11 in Ice Magic
  7353 | D:6      | Learned a level 5 spell: Freezing Cloud
  7601 | D:6      | Found a hazy altar of Hepliaklqana.
  7625 | D:6      | Found a faded altar of an unknown god.
  8818 | D:7      | Reached ** piety under Sif Muna
  9081 | D:7      | Noticed a cyclops
  9091 | D:7      | Killed a cyclops
  9092 | D:7      | Reached skill level 12 in Ice Magic
  9092 | D:7      | Reached XP level 10. HP: 63/63 MP: 18/21
  9722 | D:8      | Noticed a two-headed ogre
  9725 | D:8      | Killed a two-headed ogre
  9910 | D:8      | Noticed Psyche
  9918 | D:8      | Killed Psyche
  9919 | D:8      | Reached skill level 13 in Ice Magic
 10688 | D:9      | Found a radiant altar of Vehumet.
 11154 | D:9      | Noticed Prince Ribbit
 11160 | D:9      | Killed Prince Ribbit
 11716 | D:9      | Found a staircase to the Orcish Mines.
 11789 | D:9      | Reached *** piety under Sif Muna
 11792 | D:9      | Reached XP level 11. HP: 23/68 MP: 17/24
 12160 | D:9      | Reached skill level 14 in Ice Magic
 12471 | D:10     | Entered Level 10 of the Dungeon
 12533 | D:10     | Found a runed translucent door.
 12596 | D:10     | Found a snail-covered altar of Cheibriados.
 12649 | D:10     | Found a blossoming altar of Fedhas.
 12743 | D:10     | Found a glowing golden altar of the Shining One.
 12834 | D:10     | Found a basalt altar of Yredelemnul.
 12844 | D:10     | Found a snail-covered altar of Cheibriados.
 12980 | D:10     | Found an opulent altar of Gozag.
 13108 | D:10     | Reached skill level 10 in Spellcasting
 13108 | D:10     | Found an iron altar of Okawaru.
 13383 | D:10     | Reached **** piety under Sif Muna
 13808 | D:10     | Noticed a flayed ghost
 14212 | D:11     | Reached skill level 15 in Ice Magic
 14381 | D:11     | Noticed a two-headed ogre
 14386 | D:11     | Killed a two-headed ogre
 14456 | D:11     | Learned a level 3 spell: Spider Form
 14795 | D:11     | Noticed Harold
 14808 | D:11     | Killed Harold
 14809 | D:11     | Reached XP level 12. HP: 74/74 MP: 12/27
 14943 | D:11     | Found a staircase to the Lair.
 14961 | D:11     | Reached skill level 1 in Transmutations
 15771 | D:12     | Noticed a death knight
 15773 | D:12     | Noticed a seven-headed hydra
 15894 | Lair:1   | Entered Level 1 of the Lair of Beasts
 15894 | Lair:1   | Found a sparkling altar of Nemelex Xobeh.
 15904 | Lair:1   | Reached skill level 16 in Ice Magic
 16454 | Lair:1   | Noticed Joseph
 16825 | Lair:1   | Reached skill level 1 in Invocations
 16927 | Lair:1   | Killed Joseph
 16928 | Lair:1   | Reached skill level 1 in Short Blades
 17415 | Lair:2   | Learned a level 4 spell: Fulminant Prism
 17595 | Lair:2   | Noticed a catoblepas
 17875 | Lair:2   | Noticed a catoblepas
 17976 | Lair:2   | Slain by a komodo dragon

Illustrated notes

Levels and vault maps discovered:
D:1:      wheals_arrival_shading, layout_loops_corners
D:2:      wander_river, layout_loops_cross, shapermc_ecumenical_altar_gd,
          minmay_fountain_box
D:3:      layout_basic, serial_shops, nicolae_square_shop
D:4:      minmay_chambers_of_fours, layout_rooms, minmay_temple_entry_waves
D:5:      layout_rooms, minmay_a_box_with_orc_wizards_in_it
D:6:      cheibrodos_fzero, layout_basic, mainiacjoe_overflow_alcove_1,
          beargit_hepliaklqana_dungeon_heroes
D:7:      layout_layer_cave, corner_web_ring
D:8:      layout_loops_cross, minmay_misc_feat_roman, uniq_psyche
D:9:      layout_cave_pods, kennysheep_mini_moat, erik_orc_1,
          hangedman_decor_push, uniq_prince_ribbit1
D:10:     due_megacathedral, layout_cave_pools, kennysheep_okawaru_gauntlet
D:11:     layout_roguey, erik_lair_dragon, uniq_harold
D:12:     cheibrodos_tormentor_scu, layout_long_grid, nicolae_fountain_basement
Temple:   mainiacjoe_temple_coin_purse
Lair:1:   layout_long_grid, lemuel_oklob_altar, uniq_joseph
Lair:2:   layout_hall_layers, minmay_swamp_entry_wisps

Skill      XL: |  1  2  3  4  5  6  7  8  9 10 11 12 |
---------------+-------------------------------------+-----
Ice Magic      | 5 6 7 8 10 12 13 15 16 | 16.7
Spellcasting   | 3 4 5 7 9 11 | 11.5
Earth Magic    | 1 3 |  3.0
Transmutations | 4 |  4.0
Invocations    | 2 |  2.6
Short Blades   | 2 |  2.5
Axes           | |  0.1
Maces & Flails | |  0.1
Polearms       | |  0.2
Bows           | |  0.7
Crossbows      | |  0.1
Throwing       | |  0.4
Dodging        | |  2.6
Stealth        | |  2.1
Conjurations   | |  0.2
Necromancy     | |  0.1

Action                   |  1- 3 |  4- 6 |  7- 9 | 10-12 || total
-------------------------+-------+-------+-------+-------++-------
Melee: Dagger            |    35 |       |    97 |   203 ||   335
       Punch             |     3 |     1 |     2 |     5 ||    11
       Staff             |    23 |    27 |     8 |       ||    58
Throw: Dart              |       |     8 |     6 |     2 ||    16
       Javelin           |       |     3 |     7 |     4 ||    14
 Cast: Freeze            |    21 |    46 |    30 |    24 ||   121
       Frozen Ramparts   |     3 |    12 |    36 |    72 ||   123
       Ozocubu's Armour  |       |     4 |    16 |    45 ||    65
       Stone Arrow       |       |       |     3 |    70 ||    73
       Hailstorm         |       |       |       |    24 ||    24
       Freezing Cloud    |       |       |       |     2 ||     2
  Use: Scroll            |     3 |       |    11 |    12 ||    26
       Potion            |       |       |     1 |       ||     1
 Stab: Sleeping          |    11 |     2 |       |     1 ||    14
       Invisible         |       |       |     1 |       ||     1
Armor: Robe              |    12 |    13 |    33 |   100 ||   158
       Steam dragon scal |       |       |       |    40 ||    40
Dodge: Dodged            |    42 |    29 |    62 |   176 ||   309
